AoeStats
← Dougladhnn

Arena

504505842Analyzed
4v4 RM · 28d ago on Sep 5, 2026· 48m 13s· 8 players
Game mode
Random Map
Map size
Large (8 player)
Population
200
Speed
Normal
Resources
Standard
Victory
Conquest
Starting age
Dark Age
Ending age
Imperial Age
RankedLock teamsTeams togetherTeam positionsShared explorationLock speedFull tech treeHidden civsTurbo modeCheats
Victory
Defeat
🇨🇳 Gurjaras · China
736
+15
🇧🇷 Cumans · Brazil
733
+15
🇹🇷 Franks · Türkiye
700
+16
🇫🇷 Mongols · France
657
+17
🇧🇷 Britons · Brazil
717
-16
🇧🇷 Franks · Brazil
705
-16
🇧🇷 Romans · Brazil
703
-16
🇨🇳 Ethiopians · China
693
-15
eser
13:16 Feudal Age
13:46 Double-Bit Axe
20:32 Castle Age
20:18 Stone Mining
20:21 Gold Mining
21:40 Husbandry
24:16 Scale Mail Armor
24:22 Scale Barding Armor
32:48 Imperial Age
31:49 Bow Saw
33:25 Cavalier
35:17 Chain Barding Armor
35:12 Chain Mail Armor
41:41 Forging
44:25 Plate Barding Armor
45:30 Gold Shaft Mining
46:05 Wheelbarrow
TireurFou
12:39 Feudal Age
13:22 Double-Bit Axe
13:20 Horse Collar
14:48 Gold Mining
18:34 Castle Age
18:30 Stone Mining
19:52 Bow Saw
20:36 Heavy Plow
27:43 Wheelbarrow
26:54 Loom
26:54 Town Watch
32:08 Imperial Age
29:54 Hand Cart
29:50 Husbandry
30:46 Ballistics
32:30 Thumb Ring
32:37 Bloodlines
32:22 Fletching
32:33 Padded Archer Armor
33:52 Bodkin Arrow
34:40 Town Patrol
35:39 Conscription
35:29 Bracer
36:53 Gold Shaft Mining
36:56 Stone Shaft Mining
37:05 Leather Archer Armor
36:58 Caravan
37:28 Coinage
38:32 Siege Engineers
38:48 Elite Mangudai
39:52 Scale Barding Armor
42:47 Drill
43:32 Banking
47:23 Chain Barding Armor
Dougladhnn
kaisar0615
7:39 Loom
13:33 Feudal Age
16:20 Horse Collar
16:28 Double-Bit Axe
21:27 Castle Age
19:50 Stone Mining
19:52 Gold Mining
20:21 Fletching
29:48 Imperial Age
30:20 Siege Elephant
35:39 Padded Archer Armor
35:55 Heavy Plow
37:36 Thumb Ring
42:58 Bodkin Arrow
45:44 Scale Barding Armor
45:51 Forging
45:18 Heavy Camel Rider
46:35 Bloodlines
46:26 Husbandry
46:55 Chain Barding Armor
TIAO MARMITA
12:09 Feudal Age
15:21 Horse Collar
20:24 Castle Age
19:13 Gold Mining
19:12 Double-Bit Axe
22:31 Gold Shaft Mining
28:28 Imperial Age
27:12 Fletching
27:22 Padded Archer Armor
26:51 Crossbowman
28:38 Ballistics
28:33 Stone Mining
29:17 Leather Archer Armor
28:57 Bodkin Arrow
31:27 Chemistry
31:50 Ring Archer Armor
32:28 Bow Saw
34:30 Arbalester
36:38 Wheelbarrow
37:49 Pikeman
38:50 Masonry
40:50 Halberdier
GoldGuigz
11:18 Feudal Age
13:58 Double-Bit Axe
17:35 Gold Mining
19:18 Stone Mining
19:43 Forging
19:39 Scale Barding Armor
26:31 Castle Age
27:56 Bow Saw
28:54 Gold Shaft Mining
31:41 Wheelbarrow
35:08 Hand Cart
37:25 Imperial Age
35:17 Hand Cart
38:11 Imperial Age
37:41 Iron Casting
37:27 Chain Barding Armor
40:51 Conscription
42:52 Chivalry
42:16 Cavalier
42:59 Husbandry
46:54 Blast Furnace
46:29 Plate Barding Armor
45:39 Paladin
SoulCrush
14:19 Feudal Age
12:35 Loom
22:29 Castle Age
21:52 Double-Bit Axe
24:04 Forging
24:00 Scale Barding Armor
24:38 Wheelbarrow
27:43 Imperial Age
28:05 Bow Saw
28:33 Man-at-Arms
29:35 Gold Mining
31:32 Horse Collar
33:10 Heavy Plow
33:50 Gold Shaft Mining
33:07 Stone Mining
35:46 Crop Rotation
35:53 Iron Casting
35:39 Chain Barding Armor
35:45 Long Swordsman
37:36 Chemistry
36:57 Ballistics
36:48 Masonry
38:15 Plate Barding Armor
38:41 Blast Furnace
39:55 Wheelbarrow
38:49 Legionary
41:09 Elite Centurion
暗夜惜黎
11:09 Feudal Age
11:34 Horse Collar
11:40 Double-Bit Axe
19:58 Castle Age
18:18 Town Watch
19:46 Gold Mining
21:55 Gold Shaft Mining
21:25 Heavy Plow
21:37 Bow Saw
23:08 Squires
23:41 Arson
27:23 Wheelbarrow
27:51 Fletching
31:48 Imperial Age
32:48 Torsion Engines
34:38 Chemistry
37:15 Caravan
41:11 Stone Mining
41:31 Siege Engineers
43:04 Two-Man Saw
46:15 Heavy Scorpion
Connection lost

Rejoining the realm…

Still unreachable

The connection could not be restored.

Session expired

The server has moved on; the page needs a fresh start.